ME, neutral female human Valkyrie I`################ --------------------- -----# |..|..-....-..|..|..| +...|# -------- |..|..|....|..|..|.. |...|##########.......| | ----|-----....----|--.-----...|# |......| |...............................|# #...)>..| | -+-----+--.......-|----- --...|# #|......| |......{|....| |...|# #-------- |.......|....| |...|# ### | ----+-----.......|.._.| |...|# # |.............{..).|....| |...|) # | -------+-------.------- |...|# # |(((.-.| +...|# # |(((.|.+ |...|### # |(((.|.| |....@@# --+----# | ---------------.-----------...|# # |.....-# |.................(.............|# ##-.....| --------------------------------- ------- ME the Fighter Experience level: 7 Strength: 18/02 Dexterity: 10 Constitution: 17 Intelligence: 12 Wisdom: 8 Charisma: 8 Health: 0(66) Energy: 18(18) Def: 6 Gold: 16 Moves: 3399 Dungeon seed: -SQWNHCl4DFPtq1_ Game ID: ME_1460830715 Your Inventory: Coins $ - 16 gold pieces Weapons a - a blessed +2 long sword (weapon in hand) b - a +0 dagger g - a +0 scimitar Armor e - an uncursed +3 small shield (being worn) r - an uncursed +0 dwarvish cloak (being worn) t - an uncursed +0 dwarvish mithril-coat y - a cursed +0 pair of iron shoes (being worn) Y - an uncursed +0 dwarvish iron helm Comestibles i - 4 uncursed food rations s - an uncursed clove of garlic Scrolls l - an uncursed scroll of enchant armor p - an uncursed scroll of create monster Spellbooks u - an uncursed spellbook of remove curse Potions m - a cursed potion of healing Wands d - a wand of fire (0:6) Gems n - 3 uncursed worthless pieces of black glass q - an uncursed worthless piece of white glass w - an uncursed luckstone z - 3 uncursed worthless pieces of yellowish brown glass N - an uncursed worthless piece of violet glass Spells and supernatural/magical abilities: Name Level Category Fail Memory W - pray for help -- divine ? -- Your skills at the end: Fighting Skills Weapon Skills dagger [Basic] long sword [Basic] Spellcasting Skills Final Attributes: You were piously aligned. You were cold resistant. You saw invisible. You were stealthy. You were fast. You were lucky. You had extra luck. Bad luck did not time out for you. Good luck did not time out for you. You are dead. Vanquished creatures: a gnome king a blue jelly a Woodland-elf a pony a fog cloud 2 violet fungi 5 gnome lords 2 gnomish wizards a black naga hatchling a gray ooze a straw golem 6 dwarves a kobold lord a rothe a giant bat 8 orc zombies an iguana a coyote a gas spore a hobbit a large kobold 2 hobgoblins 3 giant rats a brown mold a yellow mold a red mold 19 gnomes a gnome zombie 2 geckos 4 jackals a kobold 2 goblins 4 grid bugs 6 lichens a kobold zombie 3 newts 90 creatures vanquished. Voluntary challenges: You were an atheist. You used a wielded weapon 107 times, starting on turn 74. You read items or engraved 3 times, starting on turn 2010. You never genocided any monsters. You never polymorphed an object. You never changed form. You used no wishes. You never split a pudding. You never wrote Elbereth's name. You never violated your personal moral code. Dungeon overview: The Dungeons of Doom: levels 1 to 3 Level 1 a long staircase Level 2 Level 3 a sink stairs to The Gnomish Mines The Gnomish Mines: levels 4 to 7 Level 4 stairs to The Dungeons of Doom Level 5 Level 6 <- You were here a lighting shop, a temple to Loki, some fountains Level 7 History has recorded: On T:1 you entered the Dungeons of Doom to retrieve the Amulet of Yendor! On T:423 you reached level 2 of The Dungeons of Doom. On T:685 you advanced to experience level 2. On T:802 you reached level 3 of The Dungeons of Doom. On T:1352 you advanced to experience level 3. On T:1481 you reached level 1 of The Gnomish Mines. On T:1503 you advanced to experience level 4. On T:1748 you advanced to experience level 5. On T:2586 you reached level 2 of The Gnomish Mines. On T:2601 you advanced to experience level 6. On T:3086 you reached level 4 of The Gnomish Mines. On T:3154 you reached level 3 of The Gnomish Mines. On T:3298 you advanced to experience level 7. Score breakdown: Gold: 16 ( 4185 points) Experience: 7 levels (13645 points) Exploration: 7 levels ( 15.22%) (10954 points) Discoveries: 8 items ( 3.25%) ( 5410 points) Valuables value: (no points given unless you survive) Artifact value: 0 ( 0 points) Variety of kills: 36 monsters ( 9.45%) ( 9221 points) Turncount: 3399 turns ( -784 points) Survival: died (score multiplied by 80%) Total score: 34104 Latest messages: You hit the watchman! The watchman zaps a wand of magic missile! The magic missile hits you! You die... Final status: Farvel ME the Valkyrie, killed by a magic missile... You died in The Gnomish Mines on dungeon level 6 with 34104 points, and 16 pieces of gold, after 3399 moves. You were level 7 with a maximum of 66 hit points when you died.